 Dungeon Crawl Stone Soup version 0.28.0-1-gb440e238dd (webtiles) character file.

Game seed: 9488789113392903016

93 spaghetti the Sneak (level 4, -3/28 HPs)
             Began as a Tengu Delver on Feb 19, 2022.
             Was a Follower of Uskayaw.
             Slain by a river rat (6 damage)
             ... summoned by Eustachio
             ... on level 4 of the Dungeon.
             The game lasted 00:01:09 (974 turns).

spaghetti the Sneak (Tengu Delver)                   Turns: 974, Time: 00:01:10

Health: -3/28      AC:  3    Str: 15    XL:     4   Next: 61%
Magic:  5/5        EV: 12    Int: 10    God:    Uskayaw [*.....]
Gold:   29         SH:  0    Dex: 15    Spells: 3/3 levels left

rFire   . . .      SeeInvis .   i - +0 long sword
rCold   . . .      Faith    .   (no shield)
rNeg    . . .      Spirit   .   j - +0 leather armour
rPois   .          Reflect  .   (helmet restricted)
rElec   .          Harm     .   (no cloak)
rCorr   .          Rampage  .   (no gloves)
Will    .....                   (boots unavailable)
Stlth   +++.......              (no amulet)
HPRegen 0.09/turn               (no ring)
MPRegen 0.09/turn               (no ring)

@: brilliant, lethally poisoned (-3 -> -10)
A: beak, talons 3
a: Renounce Religion, Stomp


You were on level 4 of the Dungeon.
You worshipped Uskayaw.
Uskayaw was noncommittal.
You visited 2 branches of the dungeon, and saw 3 of its levels.

You collected 29 gold pieces.

Inventory:

Hand Weapons
 a - a +0 falchion
 b - a +0 hunting sling
 i - a +0 long sword (weapon)
Armour
 h - a +0 pair of gloves
 j - a +0 leather armour (worn)
Wands
 g - a wand of digging (3)
Scrolls
 c - a scroll of fog
 d - 3 scrolls of magic mapping
 e - a scroll of fear
Potions
 f - a potion of haste
 l - a potion of curing {unknown}
 m - a potion of resistance {unknown}
 n - a potion of might {unknown}


   Skills:
 - Level 3.0 Fighting
 - Level 2.1 Long Blades
 - Level 2.1 Dodging
 + Level 6.9 Stealth


You had 3 spell levels left.
You didn't know any spells.
Your spell library contained the following spells:

 Spells                   Type           Power      Damage    Failure   Level
 Magic Dart               Conj           0%         1d3       43%         1
 Slow                     Hex            0%         N/A       43%         1
 Call Imp                 Summ           0%         N/A       56%         2
 Confusing Touch          Hex            0%         N/A       80%         3
 Mephitic Cloud           Conj/Pois/Air  0%         N/A       80%         3
 Vampiric Draining        Necr           0%         2d6       80%         3
 Alistair's Intoxication  Tmut/Pois      0%         N/A       100%        5
 Borgnjor's Vile Clutch   Necr/Erth      0%         N/A       100%        5
 Eringya's Noxious Bog    Tmut/Pois      0%         N/A       100%        6


Dungeon Overview and Level Annotations

Branches:
Dungeon (5/15)             Temple (1/1) D:5

Altars:
Ashenzari
Cheibriados
Gozag
Hepliaklqana
Kikubaaqudgha
Makhleb
Nemelex Xobeh
Qazlal
Ru
Sif Muna
Trog
Uskayaw
Vehumet
Wu Jian
Yredelemnul
Zin
The Shining One

Annotations:
D:4 Eustachio


Innate Abilities, Weirdness & Mutations

You have a beak for a mouth.
You have claws for feet.


Message History

You closely miss Eustachio. You peck Eustachio, but do no damage.
Eustachio casts a spell.
Eustachio barely misses you.
You hit Eustachio. Your kick misses Eustachio. Your peck misses Eustachio.
Eustachio is lightly wounded.
Eustachio hits you with a +1 rapier of venom.
You are poisoned.
The river rat bites you.
You barely miss Eustachio. You claw Eustachio.
Eustachio is lightly wounded.
You feel very sick.
Eustachio hits you with a +1 rapier of venom!
* * * LOW HITPOINT WARNING * * *
The river rat completely misses you.
You are too injured to fight recklessly!
You are too injured to fight recklessly!
You are too injured to fight recklessly!
You are too injured to fight recklessly!
You are too injured to fight recklessly!
You are too injured to fight recklessly!
You are too injured to fight recklessly!
You are too injured to fight recklessly!
You are too injured to fight recklessly!
You are too injured to fight recklessly!
You are too injured to fight recklessly!
You are too injured to fight recklessly!
You are too injured to fight recklessly!
You are too injured to fight recklessly!
You are too injured to fight recklessly!
You are too injured to fight recklessly!
You are too injured to fight recklessly!
You are too injured to fight recklessly!
Unknown command.
It was a potion of brilliance.
You feel clever all of a sudden.
* * * LOW HITPOINT WARNING * * *
You feel sick.
Eustachio mumbles some strange words.
Eustachio blinks!
The river rat bites you.
You die...

##################
#.................
#.################
#.# #.# #.# #.#
#r# #@# #ยง# #r#
#.# #.# ### #@#
... #.# #.#### #.#
#.#### #.#...


You could see Eustachio and 2 river rats.

Vanquished Creatures
  Natasha (thrice) (D:4)
  A worm (D:4)
  An orc (D:4)
  A ball python (D:4)
  An endoplasm (D:4)
  A giant cockroach (D:4)
  A hobgoblin (D:4)
  3 jackals (D:4)
  2 goblins (D:4)
14 creatures vanquished.

Notes
Turn   | Place    | Note
-------+----------+-------------------------------------------
     0 | D:5      | spaghetti the Tengu Delver began the quest for the Orb.
     0 | D:5      | Reached XP level 1. HP: 14/14 MP: 2/2
     6 | D:5      | Found a staircase to the Ecumenical Temple.
    12 | Temple   | Entered the Ecumenical Temple
    83 | Temple   | Became a worshipper of Uskayaw the Reveller
   177 | D:4      | Noticed Natasha
   185 | D:4      | Noticed a crimson imp
   185 | D:4      | Reached * piety under Uskayaw
   187 | D:4      | Reached ** piety under Uskayaw
   188 | D:4      | Noticed a crimson imp
   188 | D:4      | Killed Natasha
   189 | D:4      | Reached XP level 2. HP: 18/19 MP: 3/3
   189 | D:4      | Reached XP level 3. HP: 22/23 MP: 4/4
   192 | D:4      | Reached *** piety under Uskayaw
   195 | D:4      | Reached skill level 6 in Stealth
   441 | D:4      | Noticed Natasha
   457 | D:4      | Killed Natasha
   458 | D:4      | Reached XP level 4. HP: 21/28 MP: 5/5
   459 | D:4      | Reached **** piety under Uskayaw
   534 | D:4      | Noticed Natasha
   542 | D:4      | Killed Natasha
   963 | D:4      | Noticed Eustachio
   974 | D:4      | Slain by a river rat

Illustrated notes

Levels and vault maps discovered:
D:4:      layout_loops_ring, uniq_eustachio, uniq_natasha
D:5:      layout_rooms, temple_green, minmay_fire_ice_demons,
          uniq_crazy_yiuf_cottage
Temple:   regret_index_temple_sigil_plot

Skill      XL: |  1  2  3 |
---------------+----------+-----
Stealth        | 6 |  6.9
Fighting       | |  3.0
Long Blades    | |  2.1
Dodging        | |  2.1

Action                   |  1- 3 |  4- 6 || total
-------------------------+-------+-------++-------
Melee: Long sword        |    29 |    13 ||    42
       Kick              |     8 |     3 ||    11
       Peck              |     4 |     2 ||     6
  Use: Potion            |       |     1 ||     1
 Stab: Sleeping          |     3 |     1 ||     4
       Paralysed         |     3 |       ||     3
Armor: Leather armour    |     7 |     1 ||     8
Dodge: Dodged            |    15 |     2 ||    17
